 Dungeon Crawl Stone Soup version 0.19-a0-1216-g363869b (webtiles) character file.

296 Geppetto the Cutter (level 6, 0/70 HPs)
             Began as a Demonspawn Abyssal Knight on Aug 23, 2016.
             Was a Believer of Lugonu.
             Succumbed to Sigmund's poison
             ... on level 2 of the Dungeon.
             The game lasted 00:06:21 (1266 turns).

Geppetto the Cutter (Demonspawn Abyssal Knight)     Turns: 1266, Time: 00:06:22

Health: 0/70       AC: 23    Str: 13    XL:     6   Next: 12%
Magic:  8/8        EV:  2    Int: 19    God:    Lugonu [**....]
Gold:   55         SH:  0    Dex: 13    Spells: 0 memorised, 5 levels left

rFire  + . .     SeeInvis .     m - +2 dagger (venom)
rCold  x . .     Gourm    .     (armour currently unavailable)
rNeg   + + +     Faith    .     (no shield)
rPois  +         Spirit   .     (helmet currently unavailable)
rElec  .         Dismiss  .     (cloak currently unavailable)
rCorr  .         Reflect  .     (gloves currently unavailable)
MR     .....     Harm     .     (boots currently unavailable)
Stlth  +++....... NoTele   +    (no amulet)
                                (no ring)
                                h - ring of fire

@: brilliant, lethally poisoned (0 -> -7), tree-form, very slightly
contaminated, invisible
A: (antennae 0), (spiny 0)
a: Depart the Abyss, Bend Space, Renounce Religion


You were on level 2 of the Dungeon.
You worshipped Lugonu.
Lugonu was pleased with you.
You were not hungry.
You were a tree.
You visited 1 branch of the dungeon, and saw 2 of its levels.
You visited the Abyss 1 time.

You collected 55 gold pieces.

Inventory:

Hand Weapons
 m - a +2 dagger of venom (weapon)
Armour
 b - a +0 leather armour (melded)
 j - a +0 pair of gloves
Jewellery
 h - a ring of fire (left branch)
Scrolls
 k - a scroll of immolation {unknown}
 n - a scroll of identify {unknown}
Potions
 g - a potion of agility
 i - a potion of lignification
Comestibles
 a - a royal jelly
 c - 2 bread rations
 f - 3 chunks of flesh


   Skills:
 - Level 3.3 Fighting
 * Level 4.8 Short Blades
 - Level 1.7 Armour
 - Level 0.8 Dodging
 + Level 2.8 Stealth
 - Level 2.8 Invocations


You had 5 spell levels left.
You didn't know any spells.

Dungeon Overview and Level Annotations

Branches:
Dungeon (2/15)

Altars:
Uskayaw


Innate Abilities, Weirdness & Mutations

((You have a pair of small antennae on your head.))
((You are mostly covered in sharp spines.))


Message History

You nearly hit yourself!
You feel less confused.
* * * LOW HITPOINT WARNING * * *
You feel sick.
You kill Sigmund!
Lugonu accepts your kill.
Your Short Blades skill increases to level 4!
Your Stealth skill increases to level 2!
You have reached level 5!
You have reached level 6!
Your experience leads to an increase in your attributes!
Your base attributes are Str 12, Int 14, Dex 13.
Increase (S)trength, (I)ntelligence, or (D)exterity?
You feel stronger.
You are stuck in your current form!
You cannot move.
You cannot move.
You cannot move.
There is a lethal amount of poison in your body!
You die...

##### #...# #...# ####### #...#
#.....#
##...#################.....#
##...........................
###...÷.#############..........
##...#...# #.#####...###.....#
.... #.>.# #.♣.....#####....<#
# #.##...# #)######...........
#.)....# #..# #.....#...#.
#......#####..# #...........
#.....))).....# #...........
#......####...#####...........
#.###(## #......##...........
#. #)# #..#.................
##.###)####.###..####%.......<.


There were no monsters in sight!

Vanquished Creatures
  Sigmund (D:2)
  Terence (D:2)
  Robin (D:2)
  2 adders (D:2)
  An ooze (D:1)
  3 dart slugs
  10 giant cockroaches
  12 goblins
  6 hobgoblins
  A quokka (D:2)
  3 ball pythons
  9 bats
  6 giant newts
  6 kobolds
  5 rats
67 creatures vanquished.

Notes
Turn   | Place    | Note
-------+----------+-------------------------------------------
     0 | Abyss:1  | Geppetto the Demonspawn Abyssal Knight began the quest for the Orb.
     0 | Abyss:1  | Reached XP level 1. HP: 18/18 MP: 2/2
    61 | Abyss:1  | Noticed a smoke demon
    61 | D:1      | Escaped the Abyss
   195 | D:1      | Reached skill level 2 in Short Blades
   263 | D:1      | Reached * piety under Lugonu
   305 | D:1      | Gained mutation: You are partially covered in sharp spines. [demonic ancestry]
   305 | D:1      | Reached XP level 2. HP: 21/24 MP: 3/3
   704 | D:1      | Gained mutation: You are mostly covered in sharp spines. [demonic ancestry]
   704 | D:1      | Reached XP level 3. HP: 29/29 MP: 5/5
   923 | D:2      | Reached skill level 3 in Short Blades
   991 | D:2      | Noticed Terence
  1008 | D:2      | Killed Terence
  1008 | D:2      | Reached skill level 1 in Stealth
  1008 | D:2      | Gained mutation: You have a pair of small antennae on your head. [demonic ancestry]
  1008 | D:2      | Reached XP level 4. HP: 30/35 MP: 6/6
  1025 | D:2      | Noticed Robin
  1032 | D:2      | Reached ** piety under Lugonu
  1063 | D:2      | Killed Robin
  1104 | D:2      | Found a hide-covered altar of Uskayaw.
  1108 | D:2      | Noticed a dagger
  1110 | D:2      | Noticed a dagger
  1116 | D:2      | Noticed Sigmund
  1264 | D:2      | HP: 1/52 [Sigmund/magic dart (6)]
  1265 | D:2      | Killed Sigmund
  1265 | D:2      | Reached skill level 4 in Short Blades
  1265 | D:2      | Reached XP level 5. HP: 1/41 MP: 7/7
  1265 | D:2      | Reached XP level 6. HP: 1/47 MP: 8/8
  1266 | D:2      | Succumbed to Sigmund's poison

Vault maps used:
D:1:      lemuel_arrival_lava_pool
D:2:      minmay_roachtagon, overflow_temple_1_default, dancing_weapons_uskayaw,
          okawaru_altar_gauntlet_db, uniq_sigmund, uniq_robin, uniq_terence

Skill      XL: |  1  2  3  4 |
---------------+-------------+-----
Short Blades   | 2 3 4 |  4.8
Stealth        | 1 2 |  2.8
Fighting       | |  3.3
Armour         | |  1.7
Dodging        | |  0.8
Invocations    | |  2.8

Action                   |  1- 3 |  4- 6 || total
-------------------------+-------+-------++-------
Melee: Short sword       |    42 |       ||    42
       Dagger            |    68 |    59 ||   127
Invok: Depart the Abyss  |     1 |       ||     1
  Use: Scroll            |     1 |       ||     1
       Potion            |       |     4 ||     4
 Stab: Sleeping          |     2 |       ||     2
  Eat: Chunk             |       |     1 ||     1
Armor: Leather armour    |    32 |    14 ||    46
       Skin              |       |     6 ||     6
Dodge: Dodged            |    42 |    22 ||    64
